 Dungeon Crawl Stone Soup version 0.20.1-1-g8b1a95d (webtiles) character file.

194 Irenicus the Insei (level 5, -2/36 HPs)
             Began as an Octopode Chaos Knight on Oct 17, 2017.
             Slain by a killer bee (7 damage)
             ... on level 4 of the Dungeon.
             The game lasted 00:06:12 (2457 turns).

Irenicus the Insei (Octopode Chaos Knight)          Turns: 2457, Time: 00:06:13

Health: -2/36      AC:  1    Str: 14    XL:     5   Next: 73%
Magic:  5/5        EV: 13    Int: 15    God:    Xom [...*..]
Gold:   168        SH:  0    Dex: 12    Spells: 4/4 levels left

rFire    . . .     SeeInvis .     - Unarmed
rCold    . . .     Gourm    .   (no shield)
rNeg     . . .     Faith    .   (helmet restricted)
rPois    .         Spirit   .   (no amulet)
rElec    .         Reflect  .   i - -2 ring of strength (curse)
rCorr    .         Harm     .   (no ring)
MR       .....                  (no ring)
Stlth    ++........             (no ring)
Regen    0.2/turn               (no ring)
MPRegen  0.1/turn               (no ring)
                                (no ring)
                                (no ring)

@: mighty
A: almost no armour, stealthy swim, amphibious, 8 rings, constrict 8, camouflage
1, gelatinous body 1
a: Renounce Religion


You were on level 4 of the Dungeon.
You worshipped Xom.
You were a favourite toy of Xom.
You were not hungry.

You visited 1 branch of the dungeon, and saw 4 of its levels.

You collected 168 gold pieces.

Inventory:

Armour
 r - a +0 large shield
 s - a cursed -1 buckler
Jewellery
 i - a cursed -2 ring of strength (left tentacle)
Wands
 p - a wand of confusion (20/48)
 t - a wand of random effects (23/48)
Scrolls
 c - 2 scrolls of magic mapping
 f - 4 scrolls of amnesia {unknown}
 h - a scroll of blinking
 j - a scroll of remove curse {unknown}
 k - a scroll of recharging {unknown}
 l - 2 scrolls of teleportation {unknown}
 n - 4 scrolls of identify {unknown}
Potions
 e - a potion of heal wounds {unknown}
 m - a potion of agility {unknown}
 q - a potion of berserk rage {unknown}
Comestibles
 a - 2 bread rations
 b - 9 fruits
 o - a meat ration
 u - a chunk of flesh


   Skills:
 - Level 3.0 Fighting
 - Level 2.3 Dodging
 + Level 6.1 Unarmed Combat
 - Level 0.3 Spellcasting
 - Level 0.2 Evocations


You had 4 spell levels left.
You didn't know any spells.

Dungeon Overview and Level Annotations

Branches:
Dungeon (4/15)             Temple (0/1) D:4

Altars:
Xom
The Shining One

Annotations:
D:3 raikaria's ghost, amateur DrVM


Innate Abilities, Weirdness & Mutations

You cannot wear most types of armour.
You are very stealthy in the water. (Stealth+)
You are amphibious.
You can wear up to eight rings at the same time.
You can use your tentacles to constrict eight enemies at once.
Your skin changes colour to match your surroundings (Stealth+).
Your rubbery body absorbs attacks. (AC +1, EV +1)


Message History

* * * LOW HITPOINT WARNING * * *
You miss the killer bee. Your grab misses the killer bee.
You squeeze the killer bee, but do no damage.
The killer bee is severely wounded.
The killer bee barely misses you. The killer bee stings you!
* * * LOW HITPOINT WARNING * * *
You are lethally poisoned!
The killer bee poisons you!
You feel better.
The killer bee stings you but does no damage.
The killer bee barely misses you.
It was a potion of might.
You feel very mighty all of a sudden.
Xom thinks this is hilarious!
The killer bee closely misses you. The killer bee stings you.
* * * LOW HITPOINT WARNING * * *
You miss the killer bee. Your grab misses the killer bee.
The killer bee is severely wounded.
The killer bee stings you!
You die...

#########
......%.############
#..y.)........
#####.@###.)#####
#......# #......# #
#.##...###..###.# #.
#.#.......... #.#
#......#######
#....#....##
..###..## ##.#.#.#
####.###)##.#


You could see a killer bee.

Vanquished Creatures
  A hound (D:4)
  2 orc priests (D:4)
  2 adders (D:2)
  An ooze (D:1)
  2 worms
  A dart slug (D:3)
  3 leopard geckos (D:1)
  10 orcs
  A giant cockroach (D:1)
  3 goblins
  5 hobgoblins
  4 jackals (D:4)
  A ball python (D:3)
  8 bats
  2 frilled lizards
  9 kobolds
  10 rats
65 creatures vanquished.

Notes
Turn   | Place    | Note
-------+----------+-------------------------------------------
     0 | D:1      | Irenicus the Octopode Chaos Knight began the quest for the Orb.
     0 | D:1      | Reached XP level 1. HP: 16/16 MP: 1/1
    48 | D:1      | Reached XP level 2. HP: 18/21 MP: 2/2
   328 | D:1      | XOM: noise
   330 | D:1      | Reached skill level 4 in Unarmed Combat
   338 | D:1      | Reached XP level 3. HP: 11/26 MP: 3/3
   559 | D:1      | XOM: silly message
   560 | D:1      | XOM: silly message
  1001 | D:2      | XOM: harmless Chrm miscast
  1084 | D:2      | Reached XP level 4. HP: 14/31 MP: 4/4
  1253 | D:2      | XOM is BORED!
  1253 | D:2      | XOM: harmless Air miscast
  1319 | D:2      | XOM: divination: detect creatures
  1477 | D:3      | Noticed raikaria's ghost (amateur DrVM)
  1527 | D:2      | Reached skill level 5 in Unarmed Combat
  1613 | D:3      | Found a glowing golden altar of the Shining One.
  1718 | D:3      | XOM: butterfly on damage
  1726 | D:3      | Noticed an ogre
  1757 | D:3      | XOM: potion effect (brilliance)
  2002 | D:4      | XOM: silly message
  2032 | D:4      | XOM: potion effect (invisibility)
  2047 | D:4      | XOM: smoke on damage
  2052 | D:4      | Reached XP level 5. HP: 17/36 MP: 5/5
  2068 | D:4      | XOM: god gift: 17 stones
  2176 | D:4      | XOM: 3-stop teleportation journey
  2284 | D:4      | XOM: scenery: create altars
  2293 | D:4      | Reached skill level 6 in Unarmed Combat
  2393 | D:4      | Found a staircase to the Ecumenical Temple.
  2446 | D:4      | XOM: polymorph something unseen -> killer bee
  2454 | D:4      | HP: 1/36 [killer bee (8)]
  2457 | D:4      | Slain by a killer bee

Skill      XL: |  1  2  3  4  5 |
---------------+----------------+-----
Unarmed Combat | 4 5 6 |  6.1
Fighting       | |  3.0
Dodging        | |  2.3
Spellcasting   | |  0.3
Evocations     | |  0.2

Action                   |  1- 3 |  4- 6 || total
-------------------------+-------+-------++-------
Melee: Unarmed           |    82 |    83 ||   165
       Constrict         |    20 |    20 ||    40
       Tentacles         |    12 |    15 ||    27
       Punch             |     2 |     2 ||     4
Evoke: Wand              |       |     6 ||     6
  Use: Scroll            |       |     2 ||     2
       Potion            |       |     4 ||     4
 Stab: Sleeping          |     8 |     4 ||    12
       Distracted        |     1 |       ||     1
       Invisible         |       |     4 ||     4
  Eat: Chunk             |       |     5 ||     5
Armor: Skin              |     4 |     8 ||    12
Dodge: Dodged            |    36 |    46 ||    82
